 Dungeon Crawl Stone Soup version 0.20.1-1-g8b1a95d (webtiles) character file.

57 Monzz the Covered (level 4, -4/55 HPs)
             Began as a Barachi Fighter on Oct 7, 2017.
             Slain by a goblin (5 damage)
             ... led by Robin
             ... on level 2 of the Dungeon.
             The game lasted 00:09:27 (985 turns).

Monzz the Covered (Barachi Fighter)                  Turns: 985, Time: 00:09:29

Health: -4/55      AC: 22    Str: 22    XL:     4   Next: 0%
Magic:  4/4        EV:  2    Int: 14    God:
Gold:   71         SH:  9    Dex: 12    Spells: 3/3 levels left

rFire    . . .     SeeInvis .   a - +0 trident
rCold    . . .     Gourm    .   c - +0 shield
rNeg     + + +     Faith    .   (armour currently unavailable)
rPois    +         Spirit   .   (helmet currently unavailable)
rElec    .         Reflect  .   (cloak currently unavailable)
rCorr    +         Harm     .   (gloves currently unavailable)
MR       .....     NoTele   +   (boots currently unavailable)
Stlth    +.........             (no amulet)
Regen    0.2/turn               g - ring of resist corrosion
MPRegen  0.1/turn               (no ring)

@: mighty, brilliant, tree-form
A: +LOS, swims
a: no special abilities


You were on level 2 of the Dungeon.
You were hungry.
You were a tree.
You visited 1 branch of the dungeon, and saw 2 of its levels.

You collected 71 gold pieces.

Inventory:

Hand Weapons
 a - a +0 trident (weapon)
 h - a +0 hunting sling
Missiles
 e - 39 stones (quivered)
 j - 2 curare-tipped needles
Armour
 b - a +0 scale mail (melded)
 c - a +0 shield (worn)
 l - a +1 helmet (melded)
Jewellery
 g - a ring of resist corrosion (left branch)
Comestibles
 f - a bread ration
 q - 3 fruits


   Skills:
 + Level 4.2 Fighting
 + Level 2.8 Polearms
 + Level 4.3 Armour
 + Level 3.6 Shields


You had 3 spell levels left.
You didn't know any spells.

Dungeon Overview and Level Annotations

Branches:
Dungeon (2/15)

Altars:

Annotations:
D:2 Robin, Terence


Innate Abilities, Weirdness & Mutations

Shadows flee at your approach. (+LOS)
You can swim through water.
((You cover ground slowly.))
((You can hop short distances.))


Message History

The hobgoblin hits you but does no damage.
The rat bites you but does no damage.
Terence asks, "Do you want it fast or slow?"
The hobgoblin hits you but does no damage.
The goblin hits you but does no damage. You block the goblin's attack.
You barely miss the rat.
The hobgoblin hits you but does no damage.
You block the rat's attack. The hobgoblin hits you.
* * * LOW HITPOINT WARNING * * *
The goblin hits you but does no damage. The goblin hits you.
* * * LOW HITPOINT WARNING * * *
Unknown command.
You barely miss the rat.
Robin roars a battlecry!
The goblins go into a battle-frenzy!
The hobgoblin hits you but does no damage.
The rat bites you but does no damage.
The hobgoblin hits you but does no damage.
The goblin hits you but does no damage. The goblin hits you.
You die...

##..#...............
#######...........########
#.......##....######
#..................#
#..................#
#......gg..........#
#......gg#@g.......#
########g#g#.......#
#g♣g........#
###r#.......# #.#########
#.. ####


You could see Terence, Robin, 4 hobgoblins, 4 goblins and a rat.

Vanquished Creatures
  2 oozes (D:1)
  2 dart slugs (D:1)
  2 leopard geckos (D:1)
  2 bats
  8 goblins
  4 hobgoblins
  8 jackals (D:1)
  4 kobolds (D:1)
  A frilled lizard (D:1)
  3 rats (D:1)
36 creatures vanquished.

Notes
Turn   | Place    | Note
-------+----------+-------------------------------------------
     0 | D:1      | Monzz the Barachi Fighter began the quest for the Orb.
     0 | D:1      | Reached XP level 1. HP: 18/18 MP: 1/1
   197 | D:1      | Reached XP level 2. HP: 19/25 MP: 2/2
   329 | D:1      | Reached XP level 3. HP: 26/30 MP: 3/3
   936 | D:2      | Noticed Robin
   960 | D:2      | Noticed Terence
   982 | D:2      | Reached XP level 4. HP: 6/37 MP: 4/4
   984 | D:2      | HP: 1/55 [goblin[Robin] (3)]
   985 | D:2      | Slain by a goblin

Skill      XL: |  1  2 |
---------------+-------+-----
Armour         | 4 |  4.3
Fighting       | 4 |  4.2
Polearms       | |  2.8
Shields        | |  3.6

Action                   |  1- 3 |  4- 6 || total
-------------------------+-------+-------++-------
Melee: Trident           |   135 |     3 ||   138
 Abil: Hop               |     1 |       ||     1
  Use: Scroll            |     4 |       ||     4
       Potion            |     3 |       ||     3
Armor: Scale mail        |    70 |       ||    70
       Skin              |    31 |    14 ||    45
Dodge: Dodged            |    41 |       ||    41
Block: Shield            |    85 |     3 ||    88
